 Seeded DCSS version 0.28.0-62-gf88900778d (webtiles) character file.

Game seed: 13591998346360536447 (custom seed)

4872 Psyclone the Devastator (level 10, 55/55 HPs)
             Began as a Deep Elf Conjurer on Oct 18, 2023.
             Was an Initiate of Gozag.
             Quit the game on level 9 of the Dungeon.
             The game lasted 00:12:03 (4598 turns).

Psyclone the Devastator (Deep Elf Conjurer)         Turns: 4598, Time: 00:12:04

Health: 55/55      AC: 13    Str:  8    XL:     10   Next: 26%
Magic:  16/16      EV: 12    Int: 38    God:    Gozag
Gold:   6283       SH:  0    Dex: 13    Spells: 4/15 levels left

rFire   + . .      SeeInvis .   a - +3 Elemental Staff {rElec rF++ rC++ AC+5}
rCold   + + .      Faith    .   (no shield)
rNeg    . . .      Spirit   .   m - +0 robe
rPois   +          Reflect  .   (no helmet)
rElec   +          Harm     .   e - +2 cloak of the Hidden Vale {rPois rF- Str+2 Int+8}
rCorr   .          Rampage  .   k - +0 pair of gloves
Will    +....                   (no boots)
Stlth   ++........              (no amulet)
HPRegen 0.18/turn               (no ring)
MPRegen 0.15/turn               (no ring)

@: no status effects
A: iridescent scales 1, clever 1, robust 1, strong 1, wild magic 1
a: Renounce Religion, Potion Petition, Call Merchant, Bribe Branch


You were on level 9 of the Dungeon.
You worshipped Gozag.
Gozag was greatly pleased with you.
You visited 1 branch of the dungeon, and saw 11 of its levels.

You collected 6991 gold pieces.
You spent 624 gold pieces at shops.
You paid 84 gold pieces to Gozag.

Inventory:

Hand Weapons
 a - the +3 Elemental Staff (weapon) {rElec rF++ rC++ AC+5}
   (You acquired it on level 9 of the Dungeon)

   If the wielder is skilled in Evocations, they can discharge powerful blasts
   of elemental energy when striking with it.
   It enhances your fire, ice, earth and air magic.
   AC:        It affects your AC (+5).
   rF:        It greatly protects you from fire.
   rC:        It greatly protects you from cold.
   rElec:     It insulates you from electricity.
 b - a +0 dagger
Armour
 e - the +2 cloak of the Hidden Vale (worn) {rPois rF- Str+2 Int+8}
   (You acquired it on level 4 of the Dungeon)

   Str:       It affects your strength (+2).
   Int:       It affects your intelligence (+8).
   rF:        It makes you vulnerable to fire.
   rPois:     It protects you from poison.
 k - a +0 pair of gloves (worn)
 m - a +0 robe (worn)
Jewellery
 h - an amulet of reflection
 q - a ring of protection from fire
Wands
 c - a wand of mindburst (17)
 g - a wand of flame (30)
 j - a wand of iceblast (5)
 l - a wand of paralysis (9)
Scrolls
 n - a scroll of immolation
 o - a scroll of amnesia
 p - a scroll of teleportation
 r - a scroll of acquirement
Potions
 d - a potion of mutation
 f - a potion of ambrosia
 i - a potion of curing {unknown}


   Skills:
 - Level 2.4 Dodging
 - Level 2.4 Stealth
 - Level 3.0 Spellcasting
 + Level 16.7 Conjurations


You had 4 spell levels left.
You knew the following spells:

 Your Spells              Type           Power      Damage    Failure   Level
a - Magic Dart            Conj           100%       1d8       1%          1
b - Searing Ray           Conj           100%       2d8       1%          2
d - Fulminant Prism       Conj/Hex       37%        3d18      2%          4
e - Iskenderun's Mystic   Conj/Tloc      74%        2d15      2%          4

Your spell library contained the following spells:

 Spells                   Type           Power      Damage    Failure   Level
 Static Discharge         Conj/Air       94%        N/A       1%          2
 Dazzling Flash           Conj/Hex       100%       N/A       1%          3
 Sticky Flame             Conj/Fire      94%        2d10      2%          4
 Dispel Undead            Necr           7%         3d8       47%         4


Dungeon Overview and Level Annotations

Branches:
Dungeon (11/15)               Orc (0/2) D:10
 Temple: D:4-7         Lair: D:8-11

Altars:
Gozag
Okawaru
The Shining One

Shops:
D:11 *


Innate Abilities, Weirdness & Mutations

You are partially covered in iridescent scales. (AC +2)
Your mind is acute. (Int +2)
You are robust. (+10% HP)
Your muscles are strong. (Str +2)
Your spells are a little harder to cast, but a little more powerful.


Message History

MP restored: 16 You start resting.
HP restored.
Health restored: 55 You see here a +0 falchion.
There is an open door here.
There is an open door here.
Items here: ! ))).
d - a potion of mutation
There is an open door here.
There is a stone staircase leading down here.
You climb downwards.
There is a stone staircase leading up here.
You open the door.
Found Reiheab's General Store.
There is an open door here.
There is an entrance to Reiheab's General Store here.
r - a scroll of acquirement Thank you for shopping at Reiheab's General Store!
There is an open door here.
There is a stone staircase leading up here.
You climb upwards.
There is a stone staircase leading down here.
Things that are here:
a +0 kite shield; a +0 scale mail; a +0 trident of venom You see here a +0 whip.
There is an open door here.
You see here a +0 falchion.
There is a stone staircase leading down here.
Things that are here:
a +0 giant spiked club; a +0 giant club
Things that are here:
a curare-tipped dart; a +1 short sword of flaming
There is a stone staircase leading up here.
You climb upwards.
Found 13 gold pieces.
There is a stone staircase leading down here.
Unknown command.
Unknown command.
Are you sure you want to abandon this character and quit the game? (Confirm with "yes".)

...##'##...........
.>.#...#................
..##.#.##......$........
..#.###.#..........g....
.##.#.#.##..............
##.##.##.#..............
##.#...#.##..(..........
#.##...##.#.............
#.#.....#.#.....@.......
#...........###.........
#####..[...## #.........
#.(...## ......#...
#....<.# ......## ..
#.............$.. .
#................
#.................
##....#......


You could see a gnoll sergeant.

Vanquished Creatures
  A hydra (D:10)
  A two-headed ogre (D:10)
  6 yaks (D:10)
  2 wraiths (D:10)
  A hog (shapeshifter) (D:10)
  5 vampire mosquitoes (D:10)
  Menkaure (D:5)
  An ice beast (D:5)
  2 orc warriors (D:10)
  A sky beast (D:5)
  An ogre (D:7)
  4 centaurs
  A kobold brigand (D:10)
  A gnoll sergeant (D:10)
  6 killer bees
  4 electric eels (D:10)
  A bullfrog zombie (D:5)
  A hound (D:6)
  4 bullfrog skeletons
  An orc priest (D:10)
  An orc wizard (D:10)
  2 hound skeletons
  A howler monkey zombie (D:10)
  5 gnolls (D:10)
  A howler monkey skeleton (D:6)
  A worm (D:2)
  A dart slug (D:4)
  4 orcs (D:10)
  2 endoplasms
  A hobgoblin (D:4)
  3 jackals (D:1)
  7 kobolds
  2 quokkas (D:5)
  2 ball pythons
  3 rats
81 creatures vanquished.

Vanquished Creatures (others)
  29 fulminant prisms (D:10)
29 creatures vanquished.

Grand Total: 110 creatures vanquished

Notes
Turn   | Place    | Note
-------+----------+-------------------------------------------
     0 | D:1      | Psyclone the Deep Elf Conjurer began the quest for the Orb.
     0 | D:1      | Reached XP level 1. HP: 10/10 MP: 6/6
   178 | D:2      | Reached XP level 2. HP: 15/15 MP: 6/8
   181 | D:2      | Learned a level 2 spell: Searing Ray
   211 | D:2      | Reached skill level 5 in Conjurations
   273 | D:2      | Identified 3 scrolls of acquirement
   286 | D:3      | Found a glowing golden altar of the Shining One.
   337 | D:4      | Acquired the +2 cloak of the Hidden Vale {rPois rF- Str+2
                  | Int+8}
   340 | D:4      | Acquired 1255 gold pieces
   346 | D:4      | Acquired 1352 gold pieces
   357 | D:4      | Acquired 1218 gold pieces
   389 | D:4      | Reached XP level 3. HP: 19/19 MP: 2/9
   420 | D:4      | Gained mutation: You are robust. (+10% HP) [potion of
                  | mutation]
   420 | D:4      | Gained mutation: You have hidden genetic potential. [potion
                  | of mutation]
   420 | D:4      | Gained mutation: Your muscles are strong. (Str +2) [potion
                  | of mutation]
   420 | D:4      | Gained mutation: You are partially covered in iridescent
                  | scales. (AC +2) [potion of mutation]
   426 | D:4      | Reached skill level 6 in Conjurations
   523 | D:5      | Entered Level 5 of the Dungeon
   527 | D:5      | Reached XP level 4. HP: 18/26 MP: 4/10
   548 | D:5      | Gained mutation: Your mind is acute. (Int +2) [hidden
                  | potential]
   643 | D:5      | Noticed an ice beast
   648 | D:5      | Killed an ice beast
   649 | D:5      | Reached skill level 7 in Conjurations
   649 | D:5      | Reached XP level 5. HP: 30/30 MP: 4/11
   654 | D:5      | Gained mutation: Your spells are a little harder to cast,
                  | but a little more powerful. [hidden potential]
   654 | D:5      | Lost mutation: You have hidden genetic potential. [hidden
                  | potential expressed]
   658 | D:5      | Learned a level 4 spell: Fulminant Prism
   764 | D:5      | Found an opulent altar of Gozag.
   771 | D:5      | Became a worshipper of Gozag Ym Sagoz the Greedy
   831 | D:5      | Noticed a sky beast
   840 | D:5      | Killed a sky beast
   841 | D:5      | Reached skill level 8 in Conjurations
   841 | D:5      | Reached XP level 6. HP: 28/35 MP: 4/12
   913 | D:5      | Found an iron altar of Okawaru.
   933 | D:5      | Noticed Menkaure
   937 | D:5      | Killed Menkaure
   938 | D:5      | Reached skill level 9 in Conjurations
   938 | D:5      | Reached XP level 7. HP: 24/39 MP: 4/13
  1327 | D:7      | Reached skill level 10 in Conjurations
  1384 | D:9      | Acquired 1237 gold pieces
  1393 | D:9      | Acquired the +3 Elemental Staff {rElec rF++ rC++ AC+5}
  1393 | D:9      | Found the +3 Elemental Staff {rElec rF++ rC++ AC+5}
  1405 | D:9      | Acquired 1172 gold pieces
  1536 | D:10     | Entered Level 10 of the Dungeon
  1717 | D:10     | Noticed a wraith
  1731 | D:10     | Killed a wraith
  1869 | D:10     | Noticed a wraith
  1889 | D:10     | Killed a wraith
  1890 | D:10     | Reached skill level 11 in Conjurations
  1890 | D:10     | Reached XP level 8. HP: 45/45 MP: 5/14
  1970 | D:10     | Reached skill level 12 in Conjurations
  2145 | D:10     | Reached skill level 13 in Conjurations
  2325 | D:10     | Reached XP level 9. HP: 49/49 MP: 7/15
  2388 | D:10     | Reached skill level 14 in Conjurations
  2664 | D:10     | Found a staircase to the Orcish Mines.
  2916 | D:10     | Noticed a seven-headed hydra
  2916 | D:10     | Noticed a two-headed ogre
  2979 | D:10     | Killed a two-headed ogre
  2980 | D:10     | Reached skill level 15 in Conjurations
  3358 | D:10     | Learned a level 4 spell: Iskenderun's Mystic Blast
  3865 | D:10     | Killed a seven-headed hydra
  3866 | D:10     | Reached skill level 16 in Conjurations
  3866 | D:10     | Reached XP level 10. HP: 55/55 MP: 5/16
  4313 | D:11     | Noticed a two-headed ogre
  4515 | D:11     | Found Reiheab's General Store.
  4518 | D:11     | Bought a scroll of acquirement for 624 gold pieces
  4598 | D:9      | Quit the game

Illustrated notes

Levels and vault maps discovered:
D:1:      wander_arrival_fairy_ring, layout_basic, chequers_serial_rivers_room_a
D:2:      layout_loops_ring, shapermc_ecumenical_altar_venn, uniq_natasha
D:3:      layout_loops_ring, mainiacjoe_overflow_chevrons,
          gammafunk_ghost_arena, hangedman_glass_teeth
D:4:      layout_basic, nicolae_hepliaklqana_monster_ancestors,
          due_unseen_surprise
D:5:      layout_basic, lemuel_doored_altar, overflow_temple_1_default,
          amethyst_overflow_temple_binary, minmay_manual_mess, uniq_ijyb,
          uniq_edmund, uniq_sigmund, uniq_menkaure
D:6:      layout_layer_cave, minmay_temple_entry_hall
D:7:      layout_basic, nicolae_wu_jian_immortal_techniques
D:8:      layout_rooms, lightli_temple_of_fire, minmay_lair_entry_grove,
          serial_shops, shop
D:9:      layout_cave_pools, grunt_decor_clamped
D:10:     minmay_diamond_stairs, layout_basic
D:11:     layout_gridville, serial_shops, kennysheep_mini_moat

Skill      XL: |  1  2  3  4  5  6  7  8  9 |
---------------+----------------------------+-----
Conjurations   | 5 6 7 8 9 11 13 16 | 16.7
Dodging        | |  2.4
Stealth        | |  2.4
Spellcasting   | |  3.0

Action                   |  1- 3 |  4- 6 |  7- 9 | 10-12 || total
-------------------------+-------+-------+-------+-------++-------
Melee: Staff             |       |       |    21 |       ||    21
 Cast: Magic Dart        |    16 |     3 |    24 |     2 ||    45
       Searing Ray       |     5 |     7 |    21 |     2 ||    35
       Fulminant Prism   |       |       |    29 |       ||    29
       Iskenderun's Myst |       |       |     1 |     5 ||     6
  Use: Scroll            |     5 |       |     3 |     4 ||    12
       Potion            |     1 |       |       |       ||     1
Armor: Robe              |     1 |     1 |    26 |    14 ||    42
Dodge: Dodged            |     3 |     3 |    44 |     8 ||    58
